 Dungeon Crawl Stone Soup version 0.22-a0-858-g985ef60 (webtiles) character file.

35 sking99 the Ruffian (level 3, -5/36 HPs)
             Began as an Ogre Transmuter on July 27, 2018.
             Slain by Terence
             ... wielding a +0 trident
              (10 damage)
             ... on level 1 of the Dungeon.
             The game lasted 00:02:51 (1705 turns).

sking99 the Ruffian (Ogre Transmuter)               Turns: 1705, Time: 00:02:52

Health: -5/36      AC:  3    Str: 14    XL:     3   Next: 35%
Magic:  5/6        EV: 10    Int: 14    God:
Gold:   40         SH:  0    Dex: 10    Spells: 5/6 levels left

rFire    . . .     SeeInvis .     - Unarmed
rCold    . . .     Gourm    .   (no shield)
rNeg     . . .     Faith    .   b - +0 robe
rPois    .         Spirit   .   (helmet restricted)
rElec    .         Reflect  .   (no cloak)
rCorr    .         Harm     .   (gloves unavailable)
MR       .....                  (boots unavailable)
Stlth    +.........             (no amulet)
HPRegen  0.12/turn              (no ring)
MPRegen  0.10/turn              (no ring)

@: appendage (expiring)
A: large, unfitting armour, talons 3, tough skin 1
a: End Transformation


You were on level 1 of the Dungeon.
You were hungry.
You had grown temporary talons.
You visited 1 branch of the dungeon, and saw 2 of its levels.

You collected 40 gold pieces.

Inventory:

Missiles
 a - 12 arrows
Armour
 b - a +0 robe (worn)
Scrolls
 e - a scroll of fog {unknown}
 g - a scroll of random uselessness {unknown}
 i - 2 scrolls of teleportation {unknown}
Potions
 c - a potion of lignification {unknown}
Comestibles
 d - 2 rations
 f - a chunk of flesh


   Skills:
 + Level 2.5 Fighting
 - Level 1.7 Dodging
 * Level 3.6 Unarmed Combat
 - Level 2.4 Spellcasting
 - Level 1.7 Transmutations


You had 5 spell levels left.
You knew the following spells:

 Your Spells              Type           Power        Failure   Level  Hunger
a - Beastly Appendage     Tmut           #.....       11%         1    #......

Your spell library contained the following spells:

 Spells                   Type           Power        Failure   Level  Hunger
 Spider Form              Tmut/Pois      #.........   43%         3    ###....
 Blade Hands              Tmut           #.........   97%         5    ######.
 Ice Form                 Ice/Tmut       #.......     85%         4    #####..
 Sticks to Snakes         Tmut           #.......     17%         2    ###....


Dungeon Overview and Level Annotations

Branches:
Dungeon (2/15)

Altars:

Annotations:
D:1 Terence


Innate Abilities, Weirdness & Mutations

You are too large for most types of armour.
You have tough skin. (AC +1)
You have claws for feet.


Message History

The hobgoblin barely misses you.
You closely miss Terence.
Terence is moderately wounded.
Terence hits you with a trident.
* * * LOW HITPOINT WARNING * * *
It was a potion of curing.
You feel better. The hobgoblin barely misses you. Terence barely misses you.
You hit Terence but do no damage. You claw Terence.
Terence is moderately wounded.
You are feeling hungry.
The hobgoblin closely misses you.
You barely miss Terence. You punch Terence, but do no damage.
Terence is moderately wounded.
The hobgoblin hits you but does no damage.
Terence hits you with a trident.
* * * LOW HITPOINT WARNING * * *
You hit Terence but do no damage. Your kick misses Terence.
Terence is moderately wounded.
The hobgoblin barely misses you. Terence hits you with a trident!
You die...

.###.####...#.#.#..# #.#
## #.####.).#......# #.#
####.#..........#..# #.#
..>..............#.#####.#
####(.((........##.......#
# #####(...#.#######.#.##
# #..[....## #.#.# #
#....###@## #.#.# #
######.#.## ##@# #.#.# #
#..>)....# #g# #.#.# #
#.####.#.## ##.# #.#.# #
#.# #.##.###.#####.#.# #
#.# #.###............#
###.####.# ##########.###
.........###### #.#
..............# #.#
##...########.# #.#


You could see Terence and a hobgoblin.

Vanquished Creatures
  An adder (D:2)
  A dart slug (D:2)
  A leopard gecko (D:1)
  5 bats
  2 giant cockroaches (D:2)
  3 hobgoblins (D:1)
  A jackal (D:1)
  A goblin (D:1)
  4 kobolds (D:1)
  4 rats
23 creatures vanquished.

Notes
Turn   | Place    | Note
-------+----------+-------------------------------------------
     0 | D:1      | sking99 the Ogre Transmuter began the quest for the Orb.
     0 | D:1      | Reached XP level 1. HP: 19/19 MP: 3/3
   268 | D:1      | Reached skill level 3 in Unarmed Combat
   268 | D:1      | Reached XP level 2. HP: 9/28 MP: 5/5
  1235 | D:1      | Reached XP level 3. HP: 12/36 MP: 6/6
  1684 | D:2      | Noticed Terence
  1701 | D:1      | HP: 1/36 [Terence/trident (3)]
  1705 | D:1      | Slain by Terence

Vault maps used:
D:1:      eino_arrival_cavern_d
D:2:      kennysheep_six_static_rooms, first_ration, lemuel_flame_loot_1,
          uniq_terence, uniq_crazy_yiuf_cottage, uniq_robin, uniq_sigmund

Skill      XL: |  1  2 |
---------------+-------+-----
Unarmed Combat | 3 |  3.6
Fighting       | 2 |  2.5
Dodging        | |  1.7
Spellcasting   | |  2.4
Transmutations | |  1.7

Action                   || total
-------------------------++-------
Melee: Unarmed           ||    96
       Kick              ||     2
       Punch             ||     1
 Cast: Beastly Appendage ||     1
  Use: Potion            ||     1
  Eat: Chunk             ||     2
Armor: Robe              ||    41
Dodge: Dodged            ||    61

Table legend:
 A = Spawn XP
 B = Non-spawn XP
 C = Spawn XP percentage of total XP
 D = Spawn monster count
 E = Non-spawn monster count
 F = Spawn count percentage of total count
 G = Total turns spent on level
                    A         B        C        D         E        F      G
               +---------+---------+-------+---------+---------+-------+---------
         Total |       0 |      51 |   0.0 |       0 |      23 |   0.0 |  1705
               +---------+---------+-------+---------+---------+-------+---------
           D:1 |       0 |      27 |   0.0 |       0 |      16 |   0.0 |  1554
           D:2 |       0 |      24 |   0.0 |       0 |       7 |   0.0 |   151
               +---------+---------+-------+---------+---------+-------+---------
